Unix NetHack Version 5.0.0-0 post-release - last build May 23 2026 06:08:33 (1c0ff79ee797540d5714e4e18072db0edd9e58ae,branch:main).

Game began 2026-05-28 01:23:00, ended 2026-05-28 20:25:28.

Doran, lawful female human Samurai

                        --------------------------------
                        |..............................|               ------
                        |...-----+------.----  -----...|               |....|
 -----------            |...|((.|  |...|.|..|  |)"(|...|               |....|
 |........>.######      |...|.(%|  |...-.-..|  |..)|...|          #####.....|
 |.........|     #######|...|...|-------.---|  |)).|...|          #    ---|--
 |.........|           #|...--|--...........--+-|---...|   ########       #
 --.-----.--           #|...........".............[....|   #              #
   #     #             #|........{.-----|-.{......[[...|                  #
   #     #             #|..........|.....|.............|                  #
   ###  ##             #|...--|--..|....)|..."---[-....|                  #
     ## #              #|...|...|-||.._..|.--||`()|---.|                  ##
      ###              #|...|+++|..|.....|.|..|?.)|@q-.|                 --.--
      #                #|...|+++|..|------.|..|(()|).|.|#################-...|
    ####               #|...--------.......-----------.|)                |...|
  --|-+--              #|..............................|#                |...|
  |....<|###############---------------)----------------#                |...|
  |......#####    #### ###################################                ...|
  -------                                                                -----

Doran the Kunoichi     St:12 Dx:13 Co:18 In:10 Wi:10 Ch:10  Lawful S:4677
Dlvl:7  $:145 HP:0(69) Pw:20(20) AC:1  Xp:7 T:4292  Burdened

Latest messages:
 You hit the giant bat!
 The giant bat bites!
 The giant bat bites!
 The giant bat misses!
 The giant bat misses!
 You kill the giant bat!
 You disentangle yourself.
 There is a broken door here.
 You see here 4 crossbow bolts.
 There is a broken door here.
 You see here 4 crossbow bolts.
 What do you want to write with? [- a-dfgk-mpxA or ?*] -
 You write in the dust with your fingertip.
 What do you want to write in the dust here? Elbereth
 What do you want to write with? [- a-dfgk-mpxA or ?*] ?
 The engraving on the floor vanishes!
 You write in the dust with a jeweled wand.
 What do you want to write in the dust here? 
 The jeweled wand glows, then fades.
 What do you want to zap? [gp or ?*] p
 In what direction? h
 The floating eye vanishes!
 Wait!  There's something there you can't see!
 What do you want to call? [gipDZ or ?*] p
 Call a jeweled wand: invis
 This door is locked.
 Unlock it with your key? [ynq] (q) y
 You succeed in unlocking the door.
 In what direction? h
 The door resists!
 In what direction? h
 The door opens.
 The gnome swings his bow.
 The gnome hits!
 You kill the gnome!
 You learn more about your items by comparing them.
 You have a little trouble lifting l - 8 uncursed arrows (20 in total).
 You miss the mumak.
 The mumak butts!
 The mumak bites!
 You miss the mumak.
 The mumak butts!
 The mumak misses!
 The mumak misses!
 The mumak bites!
 You miss the mumak.
 The mumak butts!
 You die...
 Do you want your possessions identified? [ynq] (y) y
 Do you want to see your attributes? [ynq] (y) q

Inventory:
 Coins    ('$')
  $ - 145 gold pieces
 Weapons  (')')
  l - 20 +0 arrows
  f - 6 blessed poisoned +0 orcish arrows
  m - a poisoned +1 orcish arrow
  k - 6 poisoned +0 orcish arrows
  d - 35 +0 ya (in quiver)
  c - a +0 yumi
  A - a +0 dagger
  a - a +0 katana (weapon in right hand)
  x - a +0 long sword
  b - a +0 wakizashi (alternate weapon; not wielded)
 Armor    ('[')
  h - an uncursed +0 orcish helm (being worn)
  z - an uncursed +0 pair of iron shoes (being worn)
  e - a blessed rustproof +0 splint mail (being worn)
 Comestibles  ('%')
  B - 2 uncursed lizard corpses
 Potions  ('!')
  i - an uncursed potion of hallucination
 Wands    ('/')
  g - a wand of magic missile (0:2)
  p - a wand of make invisible (0:5)
 Tools    ('(')
  Z - an uncursed bag of holding containing 17 items
  o - an uncursed blindfold
  D - an uncursed skeleton key

Contents of the bag of holding:
  142 gold pieces
  an uncursed scroll of identify
  a cursed potion of healing
  an uncursed potion of levitation
  a potion of holy water
  an uncursed potion of water
  a potion of unholy water
  a cursed ring of hunger
  a cursed -2 ring of increase accuracy
  an uncursed figurine of a vampire
  an uncursed tin whistle
  a cursed worthless piece of black glass
  an uncursed worthless piece of green glass
  an uncursed worthless piece of red glass
  an uncursed worthless piece of white glass
  an uncursed worthless piece of yellow glass
  an uncursed worthless piece of yellowish brown glass

Doran the Samurai's attributes:

Background:
 You were a Kunoichi, a level 7 female human Samurai.
 You were lawful, on a mission for Amaterasu Omikami
 who was opposed by Raijin (neutral) and Susanowo (chaotic).
 You were right-handed.
 You were in the Gnomish Mines, on level 7.
 You entered the dungeon 4292 turns ago.
 You had 995 experience points, 285 more were needed to attain level 8.
 Your score was 4677 before end-of-game adjustments.

Basics:
 You had 0 out of 69 hit points.
 You had all 20 energy points (spell power).
 Your armor class was 1.
 Your wallet contained 145 zorkmids, and
 you had 142 more stashed away in your pack.
 Autopickup was on for '$"?/=+!*' plus thrown, with exceptions.

Final Characteristics:
 Your strength was 12 (peak:14, limit:18/100).
 Your dexterity was 13 (limit:18).
 Your constitution was 18 (limit:18).
 Your intelligence was 10 (limit:18).
 Your wisdom was 10 (limit:18).
 Your charisma was 10 (limit:18).

Final Status:
 You weren't hungry.
 You were burdened; movement was slightly slowed.
 You were wielding a long sword.
 You had expert skill with long sword.

Final Attributes:
 You were piously aligned.
 You were poison resistant.
 You were telepathic.
 You were warded.
 You were fast.
 You are dead.

Miscellaneous:
 You didn't encounter any bones levels.
 Total elapsed playing time was 1 hour, 7 minutes and 50 seconds.

Major events:
 Turn
    1: Doran the lawful female human Samurai entered the dungeon
  986: attained the rank of Ronin (level 3)
 1631: entered the Gnomish Mines
 2698: attained the rank of Kunoichi (level 6)
 3291: reached Mine Town
 4292: killed by a mumak

You didn't know any spells.

Skills:
 Fighting Skills
   martial arts      [Basic]
   two weapon combat [Unskilled]
   riding            [Unskilled]
 Weapon Skills
   dagger            [Unskilled]
   knife             [Unskilled]
   short sword       [Basic]
   broadsword        [Unskilled]
   long sword        [Expert]
   two-handed sword  [Unskilled]
   saber             [Unskilled]
   flail             [Unskilled]
   quarterstaff      [Unskilled]
   polearms          [Unskilled]
   spear             [Unskilled]
   lance             [Unskilled]
   bow               [Basic]
   shuriken          [Unskilled]
 Spellcasting Skills
   attack spells     [Unskilled]
   divination spells [Unskilled]
   clerical spells   [Unskilled]

Voluntary challenges:
 Character rerolling was not enabled.
 You never genocided any monsters.
 You never polymorphed an object.
 You used no wishes.
Achievements:
 You entered a shop.
 You attained the rank of Ronin.
 You entered the Gnomish Mines.
 You attained the rank of Kunoichi.
 You entered Minetown.
 You entered a temple.

 The Dungeons of Doom: levels 1 to 5
    Level 1:
       A fountain.
    Level 2:
       A fountain.
    Level 3:
       A vegetarian food shop, some fountains, a sink.
       Stairs down to The Gnomish Mines.
    Level 4:
       A potion shop, a fountain.
    Level 5:
       A sink.
 The Gnomish Mines: levels 4 to 8
    Level 4:
    Level 5:
    Level 6:
    Level 7: <- You were here.
       Many shops, a temple and an altar, some fountains.
       Final resting place for
          you, killed by a mumak.
    Level 8:


Vanquished creatures:
  2 small mimics
  2 leprechauns
  2 lizards
  a dust vortex
  a raven
  a snake
  4 apes
 an imp
 11 Uruk-hai
  a yellow light
  2 gnome leaders
  2 gnomish wizards
  a ghoul
  3 giant ants
  3 floating eyes
  a kitten
  a dwarf
  3 homunculi
  2 giant bats
 an orc zombie
  3 dwarf zombies
  3 werejackals
  a coyote
  a hobbit
  4 manes
  5 cave spiders
  a brown mold
  a yellow mold
 21 gnomes
  2 geckos
 16 jackals
  2 foxes
  3 goblins
  2 grid bugs
  5 lichens
  a kobold zombie
 10 newts
126 creatures vanquished.

No species were genocided or became extinct.

Game over:
                       ----------
                      /          \
                     /    REST    \
                    /      IN      \
                   /     PEACE      \
                  /                  \
                  |      Doran       |
                  |      287 Au      |
                  |   killed by a    |
                  |      mumak       |
                  |                  |
                  |                  |
                  |       2026       |
                 *|     *  *  *      | *
        _________)/\\_//(\/(/\)/\//\/|_)_______

Sayonara Doran the Samurai...

You died in The Gnomish Mines on dungeon level 7 with 4649 points,
and 287 pieces of gold, after 4292 moves.
You were level 7 with a maximum of 69 hit points when you died.

